 Dungeon Crawl Stone Soup version 0.19.0-2-gae57169 (webtiles) character file.

7192 PhynixH2O the Cleaver (level 11, -4/62 HPs)
             Began as a Vine Stalker Fighter on Nov 5, 2016.
             Was an Elder of Okawaru.
             Killed from afar by an electric eel (8 damage)
             ... with a bolt of electricity
             ... on level 10 of the Dungeon.
             The game lasted 00:43:51 (9812 turns).

PhynixH2O the Cleaver (Vine Stalker Fighter)        Turns: 9812, Time: 00:43:53

Health: -4/62      AC:  8    Str: 20    XL:     11   Next: 11%
Magic:  0/12       EV: 10    Int:  8    God:    Okawaru [****..]
Gold:   505        SH:  9    Dex: 16    Spells: 0 memorised, 10 levels left

rFire  . . .     SeeInvis .     a - +1 war axe
rCold  . . .     Gourm    +     Q - +0 troll leather armour
rNeg   . . .     Faith    .     c - +0 shield
rPois  .         Spirit   +     C - +0 helmet
rElec  .         Reflect  .     R - +1 cloak
rCorr  .         Harm     .     (no gloves)
MR     +....                    G - +0 pair of boots
Stlth  +.........               q - amulet of the gourmand
                                r - +1 ring of evasion
                                s - +1 ring of evasion

@: about to teleport
A: fangs 3, regeneration 1, magic shield, antimagic bite, no device heal 3, rot
immunity
a: Heroism, Renounce Religion


You were on level 10 of the Dungeon.
You worshipped Okawaru.
Okawaru was greatly pleased with you.
You were completely stuffed.

You visited 2 branches of the dungeon, and saw 11 of its levels.
You also visited: Sewer.

You collected 505 gold pieces.

Inventory:

Hand Weapons
 a - a +1 war axe (weapon)
Armour
 c - a +0 shield (worn)
 e - a +0 plate armour
 C - a +0 helmet (worn)
 G - a +0 pair of boots (worn)
 H - a +0 plate armour
 I - a +4 ring mail
 Q - a +0 troll leather armour (worn)
 R - a +1 cloak (worn)
Jewellery
 j - an uncursed ring of resist corrosion
 q - an amulet of the gourmand (around neck)
 r - a +1 ring of evasion (right hand)
 s - a +1 ring of evasion (left hand)
 z - an uncursed ring of flight
 F - an uncursed ring of see invisible
Wands
 b - a wand of paralysis (8/24)
 B - a wand of slowing (48/48)
Scrolls
 h - 4 scrolls of teleportation
 i - 2 scrolls of magic mapping
 l - a scroll of immolation
 m - a scroll of silence {unknown}
 p - 2 scrolls of fear
 u - a scroll of noise
 v - 7 scrolls of recharging
 K - 3 scrolls of identify
 L - 3 scrolls of fog
 O - a scroll of amnesia
 T - 2 scrolls of remove curse
 U - a scroll of enchant weapon
Potions
 d - 7 potions of might
 k - 5 potions of curing
 n - a potion of berserk rage
 t - a potion of cure mutation
 w - 3 potions of flight
 x - 5 potions of resistance
 M - a potion of agility
 P - a potion of invisibility
 S - a potion of cancellation {unknown}
 V - 3 potions of brilliance
Books
 A - a book of Debilitation

   Spells                             Type                      Level
   a - Corona                         Hexes                        1
   b - Slow                           Hexes                        2
   c - Gell's Gravitas                Hexes/Translocation          3
   d - Inner Flame                    Hexes/Fire                   3
   e - Cause Fear                     Hexes                        4
   f - Leda's Liquefaction            Hexes/Earth                  4
Miscellaneous
 N - a fan of gales
Comestibles
 f - 10 bread rations
 g - 2 meat rations
 o - 3 fruits
 D - a beef jerky
 E - a royal jelly
 J - 9 chunks of flesh


   Skills:
 + Level 9.3 Fighting
 * Level 12.4 Axes
 - Level 2.4 Armour
 - Level 2.6 Shields


You had 10 spell levels left.
You didn't know any spells.

Dungeon Overview and Level Annotations

Branches:
Dungeon (10/15)            Temple (1/1) D:4            Lair (0/6) D:9
    Orc: D:9-12

Altars:
Ashenzari
Cheibriados
Dithmenos
Elyvilon
Fedhas
Gozag
Hepliaklqana
Kikubaaqudgha
Makhleb
Nemelex Xobeh
Okawaru
Qazlal
Ru
Sif Muna
Trog
Uskayaw
Vehumet
Xom
Zin
The Shining One

Shops:
D:7 *:

Annotations:
D:10 Grum


Innate Abilities, Weirdness & Mutations

You have razor-sharp teeth.
Your natural rate of healing is unusually fast.
When hurt, damage is shared between your health and your magic reserves.
Your bite disrupts and absorbs the magic of your enemies.
Potions and wands cannot restore your health.
You are immune to rotting.


Message History

The bolt of electricity hits you! x2
* * * LOW HITPOINT WARNING * * *
The bolt of electricity hits the electric eel.
The electric eel completely resists.
You hit the electric eel. Your bite misses the electric eel.
The electric eel is lightly wounded.
The electric eel shoots out a bolt of lightning at you!
The bolt of electricity hits you!
* * * LOW HITPOINT WARNING * * *
The bolt of electricity hits you!
* * * LOW HITPOINT WARNING * * *
The bolt of electricity hits the electric eel.
The electric eel completely resists.
As you read the scroll of teleportation, it crumbles to dust.
You feel strangely unstable.
The electric eel shoots out a bolt of lightning at you!
The bolt of electricity hits you!
* * * LOW HITPOINT WARNING * * *
The bolt of electricity hits you!
You die...

#....Z..####.....<.......# #....
#.....oZ#....###.....###)####....
+......ZZ.#### #.....# #....'....
#.....[.### #.....# ######....
######+## #.....# ###'# #.....#
#.# #.....## #.# #######.##...#
#.# .......@.....# #.#
≈≈≈≈≈≈≈≈;≈≈≈.# #.# ≈≈≈≈≈≈≈≈≈≈≈≈.#
#.# ##########≈≈.# #.# ≈≈.# #.#
≈.# #.. ≈.# ##. .# #. #.


You could see an electric eel.

Vanquished Creatures
  Urug (D:10)
  Nergalle (D:10)
  A centaur zombie (D:10)
  A troll (D:7)
  A two-headed ogre (D:9)
  Grinder (D:3)
  A hippogriff (D:9)
  4 yaks
  A steam dragon (D:7)
  A hungry ghost (D:9)
  Menkaure (D:7)
  A soldier ant (D:10)
  2 water moccasins (D:5)
  2 sky beasts
  4 ogres
  A phantom (D:10)
  A wolf (D:10)
  6 centaurs
  4 big kobolds
  5 bullfrogs
  A scorpion (D:5)
  A water moccasin skeleton (D:7)
  4 killer bees (D:7)
  5 howler monkeys
  5 crimson imps
  A jelly (D:10)
  2 bullfrog zombies
  5 hounds
  3 orc priests
  3 bullfrog skeletons
  6 iguanas
  7 orc wizards
  6 worker ants
  2 hound skeletons (D:5)
  A worker ant zombie (D:7)
  11 adders
  A howler monkey skeleton (D:5)
  2 river rats
  2 oozes (Sewer)
  An adder skeleton (D:7)
  6 worms
  A dart slug (D:2)
  5 leopard geckos
  33 orcs
  7 bats
  10 giant cockroaches
  7 goblins
  4 hobgoblins
  12 jackals
  6 quokkas
  4 ball pythons
  A ball python skeleton (D:4)
  6 frilled lizards
  18 kobolds
  10 rats
239 creatures vanquished.

Notes
Turn   | Place    | Note
-------+----------+-------------------------------------------
     0 | D:1      | PhynixH2O the Vine Stalker Fighter began the quest for the Orb.
     0 | D:1      | Reached XP level 1. HP: 11/11 MP: 2/2
   155 | D:1      | Reached XP level 2. HP: 9/16 MP: 3/3
   174 | D:1      | Reached skill level 2 in Axes
   747 | D:1      | Reached XP level 3. HP: 18/20 MP: 4/4
  1289 | D:2      | Reached skill level 3 in Axes
  1299 | D:2      | HP: 1/20 [poisoned by an adder]
  1898 | D:2      | Gained mutation: Your natural rate of healing is unusually fast. [Vine Stalker growth]
  1898 | D:2      | Reached XP level 4. HP: 24/24 MP: 5/5
  2189 | D:3      | Noticed Grinder
  2202 | D:3      | Killed Grinder
  2202 | D:3      | Reached skill level 4 in Axes
  2202 | D:3      | Reached XP level 5. HP: 8/29 MP: 6/6
  2202 | D:3      | Reached XP level 6. HP: 9/33 MP: 7/7
  2294 | D:3      | Found a glowing drain.
  2353 | Sewer    | Entered a sewer
  2439 | Sewer    | Reached skill level 5 in Axes
  2448 | Sewer    | Reached XP level 7. HP: 34/38 MP: 6/8
  3687 | D:4      | Found a staircase to the Ecumenical Temple.
  3705 | D:4      | Reached skill level 6 in Axes
  3750 | D:4      | Reached skill level 5 in Fighting
  3922 | D:4      | Gained mutation: You have razor-sharp teeth. [Vine Stalker growth]
  3922 | D:4      | Reached XP level 8. HP: 43/43 MP: 9/9
  4276 | D:4      | Reached skill level 7 in Axes
  4742 | Temple   | Entered the Ecumenical Temple
  4799 | Temple   | Became a worshipper of Warmaster Okawaru
  4853 | D:5      | Entered Level 5 of the Dungeon
  5045 | D:5      | Found a sparkling altar of Nemelex Xobeh.
  5265 | D:5      | Reached skill level 8 in Axes
  5618 | D:5      | Reached * piety under Okawaru
  5749 | D:6      | Found a burning altar of Makhleb.
  5755 | D:6      | Found a white marble altar of Elyvilon.
  5755 | D:6      | Found a snail-covered altar of Cheibriados.
  5755 | D:6      | Found a stormy altar of Qazlal.
  5760 | D:6      | Found an opulent altar of Gozag.
  5850 | D:6      | Reached XP level 9. HP: 49/49 MP: 10/10
  5991 | D:6      | Reached skill level 9 in Axes
  6710 | D:7      | Noticed Menkaure
  6733 | D:7      | Killed Menkaure
  6733 | D:7      | Reached ** piety under Okawaru
  6793 | D:7      | Noticed a troll
  6799 | D:7      | Killed a troll
  6964 | D:7      | Found Qahebir's Book Shop.
  7035 | D:7      | Reached skill level 10 in Axes
  7383 | D:7      | Found Xopsyr Rerpho's Assorted Antiques.
  7591 | D:7      | Found a glowing silver altar of Zin.
  7875 | D:8      | Reached XP level 10. HP: 56/56 MP: 11/11
  8143 | D:8      | Found a glowing golden altar of the Shining One.
  8148 | D:8      | Found an ancient bone altar of Kikubaaqudgha.
  8152 | D:8      | Found a deep blue altar of Sif Muna.
  8497 | D:9      | Found a staircase to the Lair.
  8932 | D:9      | Reached skill level 11 in Axes
  9193 | D:10     | Entered Level 10 of the Dungeon
  9257 | D:10     | Noticed Nergalle
  9313 | D:10     | Reached *** piety under Okawaru
  9485 | D:10     | Noticed Urug
  9520 | D:10     | Killed Urug
  9520 | D:10     | Reached **** piety under Okawaru
  9520 | D:10     | Reached skill level 12 in Axes
  9548 | D:10     | Noticed Grum
  9587 | D:10     | Reached XP level 11. HP: 15/62 MP: 3/12
  9793 | D:10     | Killed Nergalle
  9812 | D:10     | Killed from afar by an electric eel

Skill      XL: |  1  2  3  4  5  6  7  8  9 10 |
---------------+-------------------------------+-----
Fighting       | 3 4 5 6 7 9 |  9.3
Axes           | 2 3 4 5 6 8 10 12 | 12.4
Armour         | |  2.4
Shields        | |  2.6

Action                   |  1- 3 |  4- 6 |  7- 9 | 10-12 || total
-------------------------+-------+-------+-------+-------++-------
Melee: War axe           |   109 |    74 |   443 |   219 ||   845
       Bite              |    28 |    24 |   127 |    75 ||   254
Invok: Heroism           |       |       |     5 |     4 ||     9
  Use: Potion            |     2 |     3 |     6 |     3 ||    14
       Scroll            |       |       |    18 |     4 ||    22
  Eat: Chunk             |     2 |    12 |    19 |    12 ||    45
Armor: Scale mail        |    62 |    23 |    95 |       ||   180
       Troll leather arm |       |       |    19 |    44 ||    63
Dodge: Dodged            |    36 |    18 |   131 |    60 ||   245
Block: Shield            |    61 |    34 |   171 |    80 ||   346
